 Dungeon Crawl Stone Soup version 0.27.1-34-g3ba077fa99 (webtiles) character file.

Game seed: 6819319715101401961

41 lonewolfV2 the Skirmisher (level 3, -2/33 HPs)
             Began as a Draconian Berserker on Jan 5, 2022.
             Was a Follower of Trog.
             Slain by a sky beast (5 damage)
             ... on level 3 of the Dungeon.
             The game lasted 00:03:33 (1984 turns).

lonewolfV2 the Skirmisher (Draconian Berserker)     Turns: 1984, Time: 00:03:34

Health: -2/33      AC:  5    Str: 20    XL:     3   Next: 32%
Magic:  3/3        EV: 16    Int:  7    God:    Trog [*.....]
Gold:   19         SH:  0    Dex: 10    Spells: 2/2 levels left

rFire    . . .     SeeInvis .   a - +0 hand axe
rCold    . . .     Faith    .   (no shield)
rNeg     . . .     Spirit   .   (armour unavailable)
rPois    .         Reflect  .   (helmet restricted)
rElec    .         Harm     .   (no cloak)
rCorr    .         Rampage  .   (no gloves)
Will     .....                  (no boots)
Stlth    +.........             (no amulet)
HPRegen  0.11/turn              f - +4 ring of evasion
MPRegen  0.08/turn              (no ring)

@: no status effects
A: AC +5, unfitting armour, cold-blooded
a: Renounce Religion, Berserk


You were on level 3 of the Dungeon.
You worshipped Trog.
Trog was aware of your devotion.
You visited 1 branch of the dungeon, and saw 3 of its levels.

You collected 19 gold pieces.

Inventory:

Hand Weapons
 a - a +0 hand axe (weapon)
Jewellery
 f - a +4 ring of evasion (left hand)
Scrolls
 c - a scroll of teleportation
 d - 3 scrolls of identify
 e - a scroll of blinking
Potions
 b - a potion of might
 g - a potion of curing


   Skills:
 + Level 3.8 Fighting
 + Level 3.7 Axes
 + Level 3.1 Dodging


You had 2 spell levels left.
You didn't know any spells.
Your spell library was empty.

Dungeon Overview and Level Annotations

Branches:
Dungeon (3/15)

Altars:

Shops:
D:1 ?


Innate Abilities, Weirdness & Mutations

Your plain brown scales are hard. (AC +5)
You cannot fit into any form of body armour.
You are cold-blooded and may be slowed by cold attacks.


Message History

You miss something.
Your tail-slap misses something.
A sky beast appears from thin air!
Reactivating autopickup.
The sky beast misses you.
You hit the sky beast.
The sky beast is lightly wounded.
The sky beast closely misses you.
You closely miss the sky beast.
The sky beast is lightly wounded.
The sky beast barely misses you.
You closely miss the sky beast.
The sky beast is lightly wounded.
You closely miss the rat. The rat barely misses you.
The sky beast completely misses you.
You hit the sky beast but do no damage.
The sky beast is lightly wounded.
You barely miss the rat. The rat completely misses you.
The sky beast closely misses you.
You barely miss the sky beast. You tail-slap the sky beast.
The sky beast is moderately wounded.
You hit the rat but do no damage. The rat closely misses you.
The sky beast barely misses you. The rat bites you.
You barely miss the sky beast.
Your tail-slap misses the sky beast.
The sky beast is moderately wounded.
You hit the rat.
You kill the rat!
Trog accepts your kill. The sky beast completely misses you.
You completely miss the sky beast.
The sky beast is moderately wounded.
The sky beast flickers out of sight!
Deactivating autopickup; reactivate with Ctrl-A.
Something hits you but does no damage. Something closely misses you.
You barely miss something. You tail-slap something. Something hits you.
Something shocks you.
* * * LOW HITPOINT WARNING * * *
You miss something. You tail-slap something. Something hits you.
* * * LOW HITPOINT WARNING * * *
Something shocks you.
You die...

### #.$ #.#####
#.#...#
#.#...###
#######...<...#
......{@......#
#######†......#
#............
##.......####
##.....##
#.!..## #.#.##
#.#.# #. .#


There were no monsters in sight!

Vanquished Creatures
  A ball python (D:2)
  3 endoplasms
  3 giant cockroaches
  5 goblins
  4 hobgoblins
  3 kobolds (D:1)
  A quokka (D:1)
  7 bats
  A frilled lizard (D:2)
  7 rats
35 creatures vanquished.

Notes
Turn   | Place    | Note
-------+----------+-------------------------------------------
     0 | D:1      | lonewolfV2 the Draconian Berserker began the quest for the
                  | Orb.
     0 | D:1      | Reached XP level 1. HP: 19/19 MP: 1/1
   206 | D:1      | Found Jefuw's Magic Scroll Emporium.
   366 | D:1      | Reached XP level 2. HP: 20/26 MP: 2/2
  1216 | D:2      | Reached XP level 3. HP: 33/33 MP: 3/3
  1965 | D:3      | Noticed a sky beast
  1984 | D:3      | Slain by a sky beast

Illustrated notes

Levels and vault maps discovered:
D:1:      dpeg_arrival_rooms_a, layout_basic, serial_shops, shop,
          minmay_misc_feat_enclosed, minmay_strange_pillars,
          chequers_serial_rivers_micro_c
D:2:      layout_loops_ring, serial_rivers, chequers_serial_rivers_small_3,
          chequers_serial_rivers_micro_b, chequers_serial_rivers_room_b,
          chequers_serial_rivers_large_b, chequers_serial_rivers_small_3
D:3:      layout_loops_ring, nemelex_dance_club_becter,
          mainiacjoe_overflow_alcove_4, dilly_ecumenical_altar_fadedgnrine,
          cheibrodos_gnoll_hut, uniq_ijyb

Skill      XL: |  1  2 |
---------------+-------+-----
Dodging        | 3 |  3.1
Fighting       | |  3.8
Axes           | |  3.7

Action                   || total
-------------------------++-------
Melee: Hand axe          ||   119
       Tailslap          ||    12
  Use: Scroll            ||     4
Armor: Skin              ||    44
Dodge: Dodged            ||   109
